 Dungeon Crawl Stone Soup version 0.18-a0-1774-gce1f7b6 (webtiles) character file.

18531 Chiseanne the Fighter (level 12, 0/102 HPs)
             Began as a Demonspawn Monk on Apr 15, 2016.
             Was an Initiate of Gozag.
             Splashed by a brown ugly thing's acid (9 damage)
             ... on level 11 of the Dungeon.
             The game lasted 01:00:28 (16222 turns).

Chiseanne the Fighter (Demonspawn Monk)            Turns: 16222, Time: 01:00:29

Health: 0/102      AC:  7    Str: 21    XL:     12   Next: 28%
Magic:  0/12       EV: 21    Int: 16    God:    Gozag
Gold:   274        SH:  0    Dex: 19    Spells: 0 memorised, 11 levels left

rFire  + . .     SeeInvis .     a - +2 flail "Yhugev" {venom, Str+3 Dex+3}
rCold  . . .     Gourm    .     l - +1 leather armour {rF+}
rNeg   . . .     Faith    .     (no shield)
rPois  .         Spirit   +     n - +1 hat {Int+3}
rElec  .         Dismiss  .     f - +1 cloak
rCorr  .         Reflect  .     t - +1 pair of gloves
SustAt .         Harm     .     (boots unavailable)
MR     .....                    C - amulet of rage
Stlth  ++........               p - ring of flight
                                q - +3 ring of strength

@: corroded, not resistant to hostile enchantments, unstealthy
A: horns 2, talons 3, powered by pain 2, magic shield
a: Potion Petition, Call Merchant, Bribe Branch, Renounce Religion, Evoke
Berserk Rage, Evoke Flight


You were on level 11 of the Dungeon.
You worshipped Gozag.
Gozag was noncommittal.
You were hungry.

You visited 3 branches of the dungeon, and saw 14 of its levels.
You also visited: Labyrinth.

You collected 2406 gold pieces.
You spent 733 gold pieces at shops.
You paid 1399 gold pieces to Gozag.

Inventory:

Hand Weapons
 a - the +2 flail "Yhugev" (weapon) {venom, Str+3 Dex+3}
   (You bought it in a shop on level 9 of the Dungeon)

   It poisons the flesh of those it strikes.
   It affects your strength (+3).
   It affects your dexterity (+3).
 e - the +3 hunting sling "Juze" {venom, rC+ MP+9 Dex+2 Stlth+}
   (You bought it in a shop on level 9 of the Dungeon)

   It poisons the ammo it fires.
   It affects your dexterity (+2).
   It protects you from cold.
   It affects your magic capacity (+9).
   It makes you more stealthy.
 s - a +2 falchion of protection
Missiles
 k - 15 tomahawks
 u - 5 silver tomahawks (quivered)
 B - a throwing net {!*}
 J - 27 sling bullets
 O - 19 arrows of flame
 P - 2 tomahawks of returning
 Q - 7 poisoned tomahawks
Armour
 f - a +1 cloak (worn)
 l - a +1 leather armour of fire resistance (worn)
 n - a +1 hat of intelligence (worn)
 t - a +1 pair of gloves (worn)
 F - a +1 ring mail of cold resistance
 R - a +2 robe of magic resistance
Magical Staves
 j - an uncursed staff of power
Jewellery
 p - a ring of flight (right hand)
 q - a +3 ring of strength (left hand)
 C - an amulet of rage (around neck)
Wands
 g - a wand of lightning (4/15)
 h - a wand of teleportation (0/9)
 o - a wand of confusion (26/48)
 G - a wand of iceblast (1/15)
 S - a wand of disintegration (16/24)
 U - a wand of teleportation (3/9)
Scrolls
 d - a scroll of blinking
 r - a scroll of immolation
 x - a scroll of magic mapping
 z - 2 scrolls of teleportation
 A - a scroll of summoning
 D - 2 scrolls of recharging
 H - 3 scrolls of amnesia
 I - a scroll of fear
 L - 4 scrolls of remove curse
Potions
 c - a potion of ambrosia
 v - a potion of haste
 w - 5 potions of flight
 K - 4 potions of curing
 V - a potion of invisibility
 W - a potion of berserk rage
Books
 i - the Almanac of Ashen Shape Shifting
   (You found it on level 10 of the Dungeon)

   Spells                             Type                      Level
   a - Passwall                       Transmutation/Earth          2
   b - Ignite Poison                  Fire/Transmutation/Poison    3
 E - an Akashic Record

   Spells                             Type                      Level
   a - Dispersal                      Translocation                6
   b - Malign Gateway                 Summoning/Translocation      7
   c - Disjunction                    Translocation                8
   d - Controlled Blink               Translocation                8
 M - a book of Annihilations

   Spells                             Type                      Level
   a - Poison Arrow                   Conjuration/Poison           6
   b - Chain Lightning                Conjuration/Air              8
   c - Lehudib's Crystal Spear        Conjuration/Earth            8
   d - Glaciate                       Conjuration/Ice              9
   e - Fire Storm                     Conjuration/Fire             9
 N - a book of the Earth

   Spells                             Type                      Level
   a - Leda's Liquefaction            Hexes/Earth                  4
   b - Bolt of Magma                  Conjuration/Fire/Earth       5
   c - Statue Form                    Transmutation/Earth          6
   d - Iron Shot                      Conjuration/Earth            6
   e - Shatter                        Earth                        9
Miscellaneous
 T - a sack of spiders
Comestibles
 b - 8 bread rations
 m - 6 meat rations


   Skills:
 * Level 12.0 Fighting
 * Level 3.6 Slings
 * Level 10.5 Armour
 * Level 10.8 Dodging
 - Level 1.7 Stealth
 - Level 3.6 Unarmed Combat


You had 11 spell levels left.
You didn't know any spells.

Dungeon Overview and Level Annotations

Branches:
Dungeon (12/15)            Temple (1/1) D:7            Lair (0/8) D:10
    Orc (1/2) D:9

Altars:
Ashenzari
Cheibriados
Dithmenos
Elyvilon
Fedhas
Gozag
Kikubaaqudgha
Makhleb
Nemelex Xobeh
Okawaru
Pakellas
Qazlal
Ru
Sif Muna
Trog
Vehumet
Xom
Yredelemnul
Zin
The Shining One
Lugonu

Shops:
D:9 (   D:10 [   D:12 %(:*


Innate Abilities, Weirdness & Mutations

You have a pair of horns on your head.
You have claws for feet.
You sometimes gain power by taking damage.
When hurt, damage is shared between your health and your magic reserves.


Message History

There is a stone staircase leading up here.
The brown ugly thing engulfs you.
* * * LOW HITPOINT WARNING * * *
You are splashed with acid!
The acid corrodes you!
The acid burns!
* * * LOW HITPOINT WARNING * * *
You climb upwards.
There is a stone staircase leading down here.
Your hearing returns.
The brown ugly thing misses you.
You are no longer corroded.
The brown ugly thing engulfs you!
* * * LOW HITPOINT WARNING * * *
You are splashed with acid!
The acid burns!
* * * LOW HITPOINT WARNING * * *
Drink which item? (? for menu, Esc to quit)
You feel better. The brown ugly thing engulfs you.
* * * LOW HITPOINT WARNING * * *
You are splashed with acid!
The acid corrodes you!
The acid burns!
You die...
Your body crumbles into a pile of gold.

#......[.....# #.........#
#............###.......[.#
#............#............
#.........)..#.#.........#
#.............>####.######
#............### #....#
########.##### ####.### #.u#
#.... ##@### #######.
#...#######.....>. ###
###########.##............
..######............#.####.......
..'...##............#.# #.......
..###..#............#.# #.......
..# ##......).......#.# #.......
..# ###..............# #.......
### #............### #.......


You could see a brown ugly thing.

Vanquished Creatures
  A minotaur (Lab)
  Erolcha (D:12)
  A centaur warrior (D:10)
  A hill giant (D:10)
  An orc knight (Orc:1)
  A griffon (D:10)
  A cyclops (D:12)
  4 centaur zombies
  A spiny frog (D:10)
  2 gargoyles (D:10)
  2 polar bears (Orc:1)
  7 trolls
  A blink frog (D:10)
  2 wyverns (D:9)
  5 basilisks
  Eustachio (D:6)
  7 yaks
  3 hungry ghosts (Lab)
  A hippogriff (D:12)
  A mottled dragon (D:10)
  2 wargs (D:9)
  Edmund (D:6)
  The ghost of graki42 the Sneak, an amateur KoEn (D:3)
  A water moccasin (D:9)
  7 sky beasts
  An ice beast (D:10)
  8 orc warriors
  4 phantoms
  2 black bears
  A wasp (D:11)
  3 ogres
  2 wolves (Orc:1)
  4 centaurs
  A big kobold (D:11)
  Blork the orc (D:6)
  7 giant frogs
  A water moccasin zombie (D:8)
  2 scorpions
  15 killer bees
  5 wights
  2 howler monkeys
  6 crimson imps
  4 lava snakes (Lab)
  A jelly (D:11)
  16 orc wizards
  A giant frog skeleton (D:6)
  11 orc priests
  8 hounds
  4 centaur skeletons
  Terence (D:3)
  5 iguanas
  A hell rat (D:10)
  9 worker ants
  An ogre skeleton (Lab)
  2 hound skeletons
  A howler monkey zombie (D:9)
  11 gnolls
  8 adders
  A river rat (D:10)
  3 shadow imps
  3 oozes
  2 adder zombies
  3 worms
  A dart slug (D:2)
  A giant gecko (D:8)
  56 orcs
  5 bats
  7 giant cockroaches
  4 hobgoblins
  19 jackals
  7 kobolds
  7 quokkas
  3 ball pythons
  A giant gecko skeleton (D:5)
  5 giant newts
  7 goblins
  A quokka zombie (D:6)
  6 rats
347 creatures vanquished.

Vanquished Creatures (collateral kills)
  An ogre (D:8)
  A giant frog (D:8)
2 creatures vanquished.

Grand Total: 349 creatures vanquished

Notes
Turn   | Place    | Note
--------------------------------------------------------------
     0 | D:1      | Chiseanne the Demonspawn Monk began the quest for the Orb.
     0 | D:1      | Reached XP level 1. HP: 18/18 MP: 1/1
   196 | D:1      | Gained mutation: When hurt, damage is shared between your health and your magic reserves. [demonic ancestry]
   196 | D:1      | Reached XP level 2. HP: 24/24 MP: 2/2
  1261 | D:2      | Reached XP level 3. HP: 26/29 MP: 3/3
  1631 | D:2      | Reached skill level 1 in Armour
  1787 | D:3      | Noticed graki42's ghost (amateur KoEn)
  1884 | D:3      | Noticed Terence
  1917 | D:3      | Killed Terence
  1917 | D:3      | Reached skill level 4 in Fighting
  1917 | D:3      | Gained mutation: You have a pair of small horns on your head. [demonic ancestry]
  1917 | D:3      | Reached XP level 4. HP: 25/37 MP: 2/4
  1980 | D:3      | Killed graki42's ghost
  1980 | D:3      | Reached XP level 5. HP: 33/43 MP: 2/5
  2399 | D:3      | Found a snail-covered altar of Cheibriados.
  2719 | D:4      | Gained mutation: You have sharp toenails. [demonic ancestry]
  2719 | D:4      | Reached XP level 6. HP: 48/49 MP: 6/6
  3096 | D:3      | Reached skill level 5 in Fighting
  3646 | D:4      | Found a radiant altar of Vehumet.
  4039 | D:3      | Gained mutation: You have razor-sharp toenails. [demonic ancestry]
  4039 | D:3      | Reached XP level 7. HP: 30/56 MP: 7/7
  4380 | D:5      | Entered Level 5 of the Dungeon
  4614 | D:4      | Reached skill level 5 in Dodging
  4850 | D:5      | Reached skill level 6 in Fighting
  5049 | D:5      | Found an iron altar of Okawaru.
  5208 | D:5      | Gained mutation: You sometimes gain a little power by taking damage. [demonic ancestry]
  5208 | D:5      | Reached XP level 8. HP: 62/64 MP: 8/8
  5421 | D:6      | Noticed Edmund
  5423 | D:6      | Noticed Blork the orc
  5442 | D:6      | Killed Blork the orc
  5470 | D:6      | Killed Edmund
  5470 | D:6      | Reached skill level 5 in Armour
  5650 | D:6      | Found a shimmering altar of Xom.
  5793 | D:6      | Found a stormy altar of Qazlal.
  5854 | D:6      | Noticed Eustachio
  5891 | D:6      | Killed Eustachio
  5891 | D:6      | Reached skill level 7 in Fighting
  6550 | D:7      | Found a staircase to the Ecumenical Temple.
  6554 | Temple   | Entered the Ecumenical Temple
  6558 | Temple   | Became a worshipper of Gozag Ym Sagoz the Greedy
  6771 | D:7      | Found a basalt altar of Yredelemnul.
  6846 | D:7      | Gained mutation: You have a pair of horns on your head. [demonic ancestry]
  6846 | D:7      | Reached XP level 9. HP: 63/72 MP: 7/9
  6945 | D:7      | Found a glowing golden altar of the Shining One.
  7046 | D:7      | Found a white marble altar of Elyvilon.
  7459 | D:8      | Reached skill level 8 in Fighting
  7735 | D:8      | Found a glowing silver altar of Zin.
  8182 | D:9      | Noticed a troll
  8196 | D:9      | Killed a troll
  8389 | D:9      | Found a staircase to the Orcish Mines.
  8680 | D:9      | Reached skill level 9 in Fighting
  8922 | Orc:1    | Entered Level 1 of the Orcish Mines
  8926 | Orc:1    | Noticed a troll
  8946 | D:9      | Reached XP level 10. HP: 54/83 MP: 7/10
  8974 | D:9      | Bought a faintly glowing flail for 297 gold pieces
  8976 | D:9      | Identified the +2 flail "Yhugev" {venom, Str+3 Dex+3} (You bought it in a shop on level 9 of the Dungeon)
 10197 | Orc:1    | Noticed an orc knight
 11109 | Orc:1    | Killed an orc knight
 11206 | Orc:1    | Noticed an ice dragon
 11211 | Orc:1    | Reached skill level 10 in Fighting
 11281 | Orc:1    | HP: 4/127 [orc priest/divine providence (10)]
 11562 | D:10     | Entered Level 10 of the Dungeon
 11562 | D:10     | Noticed a hill giant
 11768 | D:10     | Found an opulent altar of Gozag.
 11821 | D:10     | Found a staircase to the Lair.
 11821 | D:10     | Noticed a gargoyle
 11846 | D:10     | Killed a gargoyle
 11846 | D:10     | Gained mutation: You have claws for feet. [demonic ancestry]
 11846 | D:10     | Reached XP level 11. HP: 34/92 MP: 5/11
 12260 | D:10     | Noticed a griffon
 12267 | D:10     | Noticed a centaur warrior
 12272 | D:10     | Killed a griffon
 12280 | D:10     | Killed a centaur warrior
 12310 | D:10     | Identified the Almanac of Ashen Shape Shifting (You found it on level 10 of the Dungeon)
 12580 | D:10     | Killed a hill giant
 12671 | D:10     | Reached skill level 10 in Dodging
 12696 | D:10     | Reached skill level 11 in Fighting
 13553 | D:10     | Reached skill level 10 in Armour
 13889 | D:9      | Bought a smoking hunting sling for 227 gold pieces
 13889 | D:9      | Identified the cursed +3 hunting sling "Juze" {venom, rC+ MP+9 Dex+2 Stlth+} (You bought it in a shop on level 9 of the Dungeon)
 14085 | D:11     | Reached skill level 1 in Slings
 14474 | D:12     | Found a corrupted altar of Lugonu.
 14500 | D:12     | Found Houcuafa's Weapon Shop.
 14516 | D:12     | Found Nurink's Food Emporium.
 14517 | D:12     | Found Yzxoah's Book Shoppe.
 14524 | D:12     | Found a labyrinth entrance.
 14538 | Lab      | Entered a labyrinth
 15334 | Lab      | Noticed a minotaur
 15363 | Lab      | Killed a minotaur
 15363 | Lab      | Gained mutation: You sometimes gain power by taking damage. [demonic ancestry]
 15363 | Lab      | Reached XP level 12. HP: 33/101 MP: 7/12
 15794 | D:12     | Found Gaamu's General Store.
 15828 | D:12     | Bought a potion of invisibility for 88 gold pieces
 15828 | D:12     | Bought a potion of flight for 33 gold pieces
 15828 | D:12     | Bought a potion of berserk rage for 55 gold pieces
 15828 | D:12     | Bought a scroll of teleportation for 33 gold pieces
 16058 | D:12     | Noticed Erolcha
 16077 | D:12     | Killed Erolcha
 16155 | D:12     | Reached skill level 12 in Fighting
 16159 | D:12     | Noticed an ogre mage
 16222 | D:11     | Splashed by a brown ugly thing's acid

Vault maps used:
D:1:      kennysheep_arrival_forest
D:2:      first_bread
D:3:      old_standard_altar, uniq_terence
D:4:      vehumet_crystals
D:5:      moated_statue, kennysheep_okawaru_gauntlet
D:6:      kennysheep_mini, nicolae_overflow_hidden_temple, uniq_blork_the_orc,
          uniq_edmund, uniq_eustachio
D:7:      yredelemnul_altar_generic, elyvilon_altar_1, marbit_many_paths,
          temple_hall_moat
D:8:      zin_treasury
D:9:      orc_0_dummy, grunt_ogre_cave, st_stairs_6
D:10:     minmay_curly_fans, dpeg_lair_monsters, grunt_gozag_breadcrumbs
D:12:     minmay_big_diamond_grid, lab_entry_generic, serial_shops, shop, shop,
          shop, shop_statue, shop, tgw_lugonu_bribe, uniq_urug, uniq_erolcha
Temple:   triangle_lava_temple_11
Orc:1:    portal_ice_cave_entry_animals_and_master, amalloy_card_club
Lab:      labyrinth_spiral, nicolae_lab_swirl, nicolae_lab_blocks,
          labyrinth_lava_lair, lab_block, nicolae_lab_grate_2,
          nicolae_lab_do_over

Skill      XL: |  1  2  3  4  5  6  7  8  9 10 11 12 |
---------------+-------------------------------------+-----
Dodging        | 3 4 5 6 8 9 10 | 10.8
Armour         | 1 2 3 4 6 7 9 10 | 10.5
Fighting       | 4 5 6 7 9 10 11 12 | 12.0
Slings         | 2 3 |  3.6
Stealth        | |  1.7
Unarmed Combat | |  3.6

Action                   |  1- 3 |  4- 6 |  7- 9 | 10-12 || total
-------------------------+-------+-------+-------+-------++-------
Melee: Unarmed           |   191 |   209 |    12 |       ||   412
       Punch             |     5 |     2 |     9 |    17 ||    33
       Headbutt          |       |    46 |   108 |   175 ||   329
       Short sword       |       |     8 |    35 |       ||    43
       Spear             |       |       |   451 |     4 ||   455
       Flail             |       |       |       |   600 ||   600
       Kick              |       |       |       |   163 ||   163
 Fire: Hunting sling     |       |       |       |    15 ||    15
Throw: Tomahawk          |       |       |    19 |     8 ||    27
       Throwing net      |       |       |       |     5 ||     5
Invok: Call Merchant     |       |       |       |     2 ||     2
Evoke: Wand              |       |     3 |     6 |    13 ||    22
  Use: Scroll            |     9 |     5 |    10 |     9 ||    33
       Potion            |       |       |       |    14 ||    14
 Stab: Sleeping          |     1 |       |       |     5 ||     6
       Distracted        |       |       |       |     3 ||     3
       Held in net/web   |       |       |       |     1 ||     1
  Eat: Chunk             |     3 |     7 |     9 |       ||    19
       Fruit             |       |       |     5 |       ||     5
       Bread ration      |       |       |     1 |     6 ||     7
       Beef jerky        |       |       |       |     6 ||     6
Armor: Robe              |     7 |       |       |       ||     7
       Leather armour    |    33 |       |       |   101 ||   134
       Scale mail        |    23 |   105 |   101 |       ||   229
       Chain mail        |       |       |   176 |   175 ||   351
       Skin              |       |       |       |    39 ||    39
Dodge: Dodged            |    94 |   103 |   286 |   707 ||  1190
